 Dungeon Crawl Stone Soup version 0.19.1-1-g22dce08 (webtiles) character file.

1805 nikopol the Skirmisher (level 9, -2/85 HPs)
             Began as a Gargoyle Berserker on Jan 9, 2017.
             Was an Elder of Trog.
             Slain by a killer bee (8 damage)
             ... on level 8 of the Dungeon.
             The game lasted 00:12:40 (6190 turns).

nikopol the Skirmisher (Gargoyle Berserker)         Turns: 6190, Time: 00:12:41

Health: -2/85      AC: 17    Str: 25    XL:     9   Next: 9%
Magic:  9/9        EV: 13    Int:  9    God:    Trog [****..]
Gold:   251        SH:  0    Dex: 12    Spells: 0 memorised, 8 levels left

rFire  . . .     SeeInvis +     a - +1 hand axe
rCold  . . .     Gourm    .     h - +0 ring mail
rNeg   + . .     Faith    .     (no shield)
rPois  ∞         Spirit   .     k - +0 helmet
rElec  +         Reflect  .     F - +0 cloak
rCorr  .         Harm     .     l - +1 pair of gloves
MR     .....                    (no boots)
Stlth  ..........               (no amulet)
                                B - ring of flight
                                g - ring of see invisible

@: berserking, very quick
A: negative energy resistance 1, electricity resistance, unbreathing,
petrification resistance, rot immunity, AC +5
a: Berserk, Trog's Hand, Brothers in Arms, Burn Spellbooks, Renounce Religion,
Evoke Flight


You were on level 8 of the Dungeon.
You worshipped Trog.
Trog was greatly pleased with you.
You were very hungry.

You visited 1 branch of the dungeon, and saw 8 of its levels.
You also visited: Sewer.

You collected 251 gold pieces.

Inventory:

Hand Weapons
 a - a +1 hand axe (weapon)
Missiles
 p - 54 arrows (quivered)
Armour
 b - a +0 animal skin
 h - a +0 ring mail (worn)
 k - a +0 helmet (worn)
 l - a +1 pair of gloves (worn)
 F - a +0 cloak (worn)
Jewellery
 g - a ring of see invisible (left hand)
 r - an uncursed ring of positive energy
 x - an uncursed amulet of guardian spirit {unknown}
 y - an uncursed amulet of regeneration {unknown}
 B - a ring of flight (right hand)
Wands
 u - a wand of flame (30/48)
 D - a wand of acid (8/15)
Scrolls
 e - 2 scrolls of remove curse
 E - a scroll of enchant armour {unknown}
 I - a scroll of identify
Potions
 d - 4 potions of curing
 i - a potion of cancellation {unknown}
 j - 4 potions of invisibility
 m - a potion of cure mutation {unknown}
 n - 4 potions of brilliance {unknown}
 o - a potion of mutation {unknown}
 q - 3 potions of haste {unknown}
 s - 3 potions of agility {unknown}
 t - 5 potions of flight {unknown}
 v - 5 potions of heal wounds {unknown}
 w - 2 potions of might {unknown}
 z - a potion of berserk rage {unknown}
 G - a potion of degeneration {unknown}
Comestibles
 c - 5 bread rations
 f - a beef jerky
 A - a meat ration
 C - a royal jelly
 H - 3 chunks of flesh


   Skills:
 + Level 7.1 Fighting
 + Level 5.6 Axes
 + Level 6.8 Armour
 + Level 5.0 Dodging


You had 8 spell levels left.
You didn't know any spells.

Dungeon Overview and Level Annotations

Branches:
Dungeon (7/15)             Temple (0/1) D:4

Altars:
Cheibriados
Kikubaaqudgha
Ru
Uskayaw
Vehumet
Xom
Zin


Innate Abilities, Weirdness & Mutations

You are resistant to torment.
Your stone body is resilient. (AC +5)
You are immune to poison.
You resist negative energy. (rN+)
You are resistant to electric shocks. (rElec)
You can survive without breathing.
You are immune to petrification.
You are immune to rotting.


Message History

The killer bee barely misses you.
You hit the killer bee.
The killer bee is heavily wounded.
The killer bee stings you but does no damage.
The killer bee stings you.
* * * LOW HITPOINT WARNING * * *
You slash the killer bee!
The killer bee is almost dead.
The killer bee stings you but does no damage.
The killer bee barely misses you.
You hear an angry hiss.
You miss the killer bee.
The killer bee is almost dead.
The killer bee barely misses you. x2
You slash the killer bee!
You kill the killer bee!
Trog accepts your kill.
The killer bee stings you but does no damage.
You miss the killer bee. The killer bee stings you!
You die...

.... .... #..# #.s. #.#
######.# #..†.y.#
################.####h#
.......@yyh.yso.....y..#
####################ho..
#.... #...h #.... ###


You could see a howler monkey, 3 killer bees, an orc and a giant cockroach.

Vanquished Creatures
  Pikel (D:5)
  Grinder (D:5)
  2 slaves (D:5)
  An ice beast (D:6)
  A sky beast (D:7)
  3 ogres
  The ghost of Atlantean the Shield-Bearer, an amateur GrFi of Okawaru (D:3)
  A killer bee (D:8)
  2 crimson imps
  A hound (D:5)
  2 bullfrog skeletons
  An iguana (D:4)
  3 worker ants
  An orc wizard (D:6)
  A killer bee zombie (D:5)
  A hound zombie (D:5)
  4 river rats
  11 adders
  A shadow imp (D:5)
  3 worms
  2 dart slugs
  8 leopard geckos
  5 orcs
  8 bats
  7 giant cockroaches
  11 goblins
  9 hobgoblins
  8 jackals
  9 ball pythons
  7 frilled lizards
  24 kobolds
  2 leopard gecko skeletons
  A quokka skeleton (D:5)
  31 rats
174 creatures vanquished.

Notes
Turn   | Place    | Note
-------+----------+-------------------------------------------
     0 | D:1      | nikopol the Gargoyle Berserker began the quest for the Orb.
     0 | D:1      | Reached XP level 1. HP: 14/14 MP: 1/1
   110 | D:1      | Reached XP level 2. HP: 14/19 MP: 2/2
   360 | D:1      | Reached XP level 3. HP: 17/23 MP: 3/3
   792 | D:2      | Reached ** piety under Trog
   903 | D:2      | Reached XP level 4. HP: 28/29 MP: 4/4
  1169 | D:2      | Found a faded altar of an unknown god.
  1552 | D:3      | Noticed Atlantean's ghost (amateur GrFi)
  1564 | D:3      | Killed Atlantean's ghost
  1564 | D:3      | Reached skill level 4 in Fighting
  1564 | D:3      | Reached XP level 5. HP: 24/33 MP: 5/5
  1628 | D:3      | Found a glowing drain.
  1636 | Sewer    | Entered a sewer
  2140 | Sewer    | Reached XP level 6. HP: 37/39 MP: 6/6
  2245 | Sewer    | Reached *** piety under Trog
  2616 | D:3      | Found an ancient bone altar of Kikubaaqudgha.
  2616 | D:3      | Found a shimmering altar of Xom.
  3300 | D:3      | Found a faded altar of an unknown god.
  3300 | D:3      | Found a faded altar of an unknown god.
  3305 | D:3      | Found a glowing silver altar of Zin.
  3307 | D:3      | Found a faded altar of an unknown god.
  3309 | D:3      | Found a faded altar of an unknown god.
  3447 | D:4      | Found a snail-covered altar of Cheibriados.
  3459 | D:4      | Reached skill level 5 in Fighting
  3459 | D:4      | Reached XP level 7. HP: 25/44 MP: 7/7
  3624 | D:4      | Found a radiant altar of Vehumet.
  3718 | D:4      | Found a staircase to the Ecumenical Temple.
  4092 | D:5      | Entered Level 5 of the Dungeon
  4111 | D:5      | Noticed Grinder
  4161 | D:5      | Killed Grinder
  4161 | D:5      | Reached **** piety under Trog
  4161 | D:5      | Reached skill level 5 in Armour
  4472 | D:5      | Noticed Pikel
  4493 | D:5      | Killed Pikel
  4493 | D:5      | Reached skill level 6 in Fighting
  4493 | D:5      | Reached skill level 5 in Axes
  4493 | D:5      | Reached XP level 8. HP: 51/51 MP: 8/8
  4843 | D:6      | Found a hide-covered altar of Uskayaw.
  5227 | D:6      | Found a sacrificial altar of Ru.
  6092 | D:7      | Reached XP level 9. HP: 52/56 MP: 9/9
  6108 | D:7      | Reached skill level 7 in Fighting
  6160 | D:7      | Reached skill level 5 in Dodging
  6162 | D:7      | You fall through a shaft!
  6168 | D:8      | Noticed a queen bee
  6190 | D:8      | Slain by a killer bee

Skill      XL: |  1  2  3  4  5  6  7  8  9 |
---------------+----------------------------+-----
Dodging        | 2 3 4 5 |  5.0
Axes           | 3 5 |  5.6
Armour         | 3 4 5 6 |  6.8
Fighting       | 4 5 6 7 |  7.1

Action                   |  1- 3 |  4- 6 |  7- 9 || total
-------------------------+-------+-------+-------++-------
Melee: Hand axe          |   114 |   325 |   319 ||   758
Invok: Berserk           |       |     2 |     5 ||     7
  Use: Scroll            |       |     3 |     5 ||     8
 Stab: Paralysed         |       |       |     2 ||     2
  Eat: Chunk             |       |    10 |    12 ||    22
       Beef jerky        |       |       |     1 ||     1
Armor: Animal skin       |    14 |       |       ||    14
       Ring mail         |    28 |   144 |   185 ||   357
Dodge: Dodged            |    75 |   264 |   202 ||   541
